AoeStats
← denny "denny hasder" hasder

Lombardia

508332786Analyzed
2v2 RM · 10d ago on Sep 22, 2026· 19m 14s· 4 players
Game mode
Random Map
Map size
Medium (4 player)
Population
200
Speed
Normal
Resources
Standard
Victory
Conquest
Starting age
Dark Age
Ending age
Imperial Age
RankedLock teamsTeams togetherTeam positionsShared explorationLock speedFull tech treeHidden civsTurbo modeCheats
Victory
Defeat
🇨🇦 Mongols · Canada
1230
+16
🇦🇷 Spanish · Argentina
1203
+17
🇺🇸 Hindustanis · United States
1252
-18
🇺🇸 Italians · United States
1189
-15
shotguNs ツ
7:10 Loom
9:25 Feudal Age
10:28 Double-Bit Axe
13:05 Forging
14:12 Scale Barding Armor
18:20 Horse Collar
20:53 Castle Age
Buaco69
11:12 Feudal Age
11:18 Loom
15:44 Castle Age
14:30 Double-Bit Axe
14:27 Horse Collar
14:39 Stone Mining
denny "denny hasder" hasder
8:04 Loom
10:58 Feudal Age
11:56 Horse Collar
12:18 Double-Bit Axe
17:51 Wheelbarrow
Math Masterson
8:34 Feudal Age
8:44 Loom
9:10 Double-Bit Axe
10:29 Horse Collar
15:45 Wheelbarrow
20:21 Castle Age
18:35 Scale Barding Armor
18:24 Gold Mining
19:19 Bloodlines
Connection lost

Rejoining the realm…

Still unreachable

The connection could not be restored.

Session expired

The server has moved on; the page needs a fresh start.